General information
- name: BNet
- type: Ladder team game (AT/RT)
- host: Battle.net
- saver: jrqu24824892u89
map: DragonFalls
- players: 8
- length: 64:28
- speed: Fast
- version: 1.26 W3XP
- replay type: Public
» download(325 KB)
Players
team 1 (winner)

»
ownedyou (
yellow | 56 APM | 2945 actions | 52:43)
5 Death Knight
3 Death Coil
2 Unholy Aura
6 Lich
3 Frost Nova
2 Dark Ritual
1 Death and Decay
1 Blademaster
1 Wind Walk
» actions
| Basic commands | 312 | |
| Build / train | 141 | |
| Enter build submenu | 47 | |
| Enter hero's abilities submenu | 12 | |
| Give item / drop item | 2 | |
| Remove unit from queue | 3 | |
| Right click | 1238 | |
| Select / deselect | 890 | |
| Use ability | 297 | |
2945 total
» units
| Acolyte | 12 | |
| Ghoul | 4 | |
| Crypt Fiend | 17 | |
| Obsidian Statue | 4 | |
| Peon | 6 | |
| Shaman | 10 | |
| Troll Witch Doctor | 9 | |
| Raider | 1 | |
| Troll Batrider | 5 | |
| Frost Wyrm | 3 | |
| Wind Rider | 3 | |
74 total
» upgrades
| Web | 1 | |
| Creature Attack | 3 | |
| Creature Carapace | 3 | |
| Witch Doctor Training | 3 | |
| Shaman Training | 1 | |
| Liquid Fire | 1 | |
12 total
» buildings
| Crypt | 2 | |
| Ziggurat | 18 | |
| Graveyard | 1 | |
| Altar of Darkness | 1 | |
| Tomb of Relics | 2 | |
| Halls of the Dead | 1 | |
| Nerubian Tower | 3 | |
| Slaughterhouse | 1 | |
| Altar of Storms | 1 | |
| Orc Burrow | 2 | |
| War Mill | 1 | |
| Black Citadel | 1 | |
| Spirit Tower | 7 | |
| Watch Tower | 5 | |
| Spirit Lodge | 2 | |
| Necropolis | 2 | |
| Sacrificial Pit | 1 | |
| Boneyard | 2 | |
53 total
» build order
00:13 Crypt
00:16 Ziggurat
00:42 Graveyard
01:04 Altar of Darkness
01:49 Tomb of Relics
01:53 Tomb of Relics
02:28 Ziggurat
03:24 Halls of the Dead
04:38 Ziggurat
04:57 Nerubian Tower
05:56 Slaughterhouse
07:34 Altar of Storms
07:54 Orc Burrow
08:27 Ziggurat
08:55 War Mill
09:11 Black Citadel
11:03 Black Citadel
11:43 Spirit Tower
12:03 Watch Tower
12:11 Watch Tower
12:13 Watch Tower
14:18 Spirit Lodge
14:21 Spirit Lodge
15:35 Necropolis
17:28 Ziggurat
17:29 Ziggurat
17:30 Ziggurat
17:31 Ziggurat
17:31 Ziggurat
18:07 Watch Tower
18:09 Watch Tower
18:12 Spirit Tower
18:13 Spirit Tower
19:50 Crypt
19:53 Spirit Tower
21:56 Nerubian Tower
21:57 Spirit Tower
21:57 Spirit Tower
22:23 Sacrificial Pit
23:25 Boneyard
23:27 Boneyard
26:51 Necropolis
28:29 Ziggurat
30:37 Ziggurat
30:40 Spirit Tower
30:46 Orc Burrow
31:30 Nerubian Tower
31:33 Ziggurat
33:04 Spirit Tower
33:05 Spirit Tower
35:17 Ziggurat
35:37 Ziggurat
35:41 Ziggurat
37:04 Ziggurat
37:07 Ziggurat
37:09 Ziggurat
» items
| Rod of Necromancy | 1 | |
| Potion of Healing | 7 | |
| Scroll of Town Portal | 8 | |
| Scroll of Protection | 2 | |
| Scroll of Healing | 1 | |
| Potion of Mana | 2 | |
| Dust of Appearance | 1 | |
22 total
MALLOFBRINKX (
green | 39 APM | 2445 actions | 63:04)
6 Blood Mage
3 Flame Strike
2 Banish
1 Summon Phoenix
1 Tauren Chieftain
1 Endurance Aura
» actions
| Assign group hotkey | 72 | |
| Basic commands | 4 | |
| Build / train | 122 | |
| Enter build submenu | 29 | |
| Enter hero's abilities submenu | 7 | |
| Give item / drop item | 4 | |
| Right click | 857 | |
| Select / deselect | 379 | |
| Select group hotkey | 763 | |
| Use ability | 208 | |
2445 total
» units
| Peasant | 19 | |
| Dragonhawk Rider | 5 | |
| Peon | 8 | |
| Sorceress | 3 | |
| Troll Batrider | 11 | |
| Gryphon Rider | 3 | |
| Goblin Sapper | 3 | |
52 total
» upgrades
| Masonry | 3 | |
| Lumber Harvesting | 2 | |
| Cloud | 1 | |
| Sorceress Training | 2 | |
| Shaman Training | 1 | |
| Reinforced Defenses | 1 | |
| Ranged Weapons | 1 | |
| Magic Sentry | 1 | |
| Storm Hammers | 1 | |
13 total
» buildings
| Altar of Kings | 1 | |
| Farm | 9 | |
| Scout Tower | 51 | |
| Arcane Vault | 1 | |
| Arcane Tower | 1 | |
| Lumber Mill | 1 | |
| Guard Tower | 23 | |
| Keep | 1 | |
| Castle | 1 | |
| Gryphon Aviary | 2 | |
| Stronghold | 2 | |
| Orc Burrow | 4 | |
| Arcane Sanctum | 1 | |
| Fortress | 3 | |
| Beastiary | 1 | |
| Voodoo Lounge | 1 | |
| Town Hall | 1 | |
104 total
» build order
00:11 Altar of Kings
00:22 Farm
00:37 Farm
01:13 Scout Tower
01:17 Arcane Vault
01:42 Arcane Tower
01:57 Lumber Mill
02:13 Scout Tower
02:13 Scout Tower
02:24 Farm
02:48 Scout Tower
02:49 Scout Tower
02:49 Scout Tower
03:03 Guard Tower
03:07 Guard Tower
03:35 Guard Tower
03:41 Scout Tower
03:42 Scout Tower
03:42 Scout Tower
04:17 Guard Tower
04:32 Guard Tower
05:03 Keep
05:32 Scout Tower
05:32 Scout Tower
05:33 Scout Tower
05:34 Scout Tower
05:34 Scout Tower
06:21 Guard Tower
06:48 Guard Tower
07:26 Castle
07:29 Gryphon Aviary
07:47 Gryphon Aviary
08:20 Farm
08:20 Farm
08:20 Farm
08:21 Farm
08:21 Farm
08:22 Farm
10:51 Stronghold
10:51 Stronghold
10:57 Orc Burrow
10:58 Orc Burrow
14:46 Arcane Sanctum
16:35 Scout Tower
16:36 Scout Tower
16:36 Scout Tower
16:36 Scout Tower
16:37 Scout Tower
16:37 Scout Tower
16:38 Scout Tower
16:38 Scout Tower
16:39 Scout Tower
16:40 Scout Tower
16:40 Scout Tower
17:15 Guard Tower
17:29 Scout Tower
17:30 Scout Tower
17:30 Scout Tower
17:31 Scout Tower
17:31 Scout Tower
17:32 Scout Tower
17:35 Fortress
17:35 Fortress
17:36 Fortress
17:48 Guard Tower
17:49 Guard Tower
19:02 Guard Tower
19:16 Beastiary
19:18 Orc Burrow
19:18 Orc Burrow
20:44 Voodoo Lounge
21:15 Guard Tower
27:42 Town Hall
27:47 Scout Tower
27:47 Scout Tower
27:48 Scout Tower
27:50 Scout Tower
27:50 Scout Tower
27:51 Scout Tower
27:51 Scout Tower
28:00 Scout Tower
28:01 Scout Tower
28:01 Scout Tower
28:01 Scout Tower
28:51 Guard Tower
29:34 Guard Tower
29:34 Guard Tower
29:38 Scout Tower
29:38 Scout Tower
29:38 Scout Tower
29:39 Scout Tower
29:40 Scout Tower
29:40 Scout Tower
31:38 Guard Tower
31:38 Guard Tower
43:16 Scout Tower
43:16 Scout Tower
43:16 Scout Tower
43:44 Guard Tower
43:44 Guard Tower
43:52 Guard Tower
» items
| Mechanical Critter | 1 | |
| Staff of Teleportation | 1 | |
| Dust of Appearance | 1 | |
| Boots of Speed | 2 | |
| Scroll of Regeneration | 2 | |
| Lesser Clarity Potion | 1 | |
| Potion of Mana | 2 | |
| Potion of Invisibility | 3 | |
| Scroll of Town Portal | 2 | |
| Potion of Healing | 1 | |
| Orb of Fire | 1 | |
| Potion of Lesser Invulnerability | 1 | |
18 total
jrqu24824892u89 (
red | 73 APM | 4695 actions | 64:28)
9 Archmage
3 Summon Water Elemental
3 Brilliance Aura
2 Mass Teleport
1 Blizzard
» actions
| Assign group hotkey | 96 | |
| Basic commands | 93 | |
| Build / train | 262 | |
| ESC pressed | 5 | |
| Enter build submenu | 51 | |
| Enter hero's abilities submenu | 9 | |
| Give item / drop item | 4 | |
| Remove unit from queue | 1 | |
| Right click | 1865 | |
| Select / deselect | 611 | |
| Select group hotkey | 957 | |
| Use ability | 741 | |
4695 total
» units
| Peasant | 20 | |
| Footman | 4 | |
| Goblin Zeppelin | 10 | |
| Goblin Shredder | 5 | |
| Gryphon Rider | 10 | |
| Dragonhawk Rider | 1 | |
| Green Dragon | 4 | |
| Goblin Sapper | 10 | |
64 total
» upgrades
| Masonry | 3 | |
| Swords | 3 | |
| Armor | 3 | |
| Animal War Training | 1 | |
| Lumber Harvesting | 2 | |
| Storm Hammers | 1 | |
| Cloud | 1 | |
14 total
» buildings
| Altar of Kings | 1 | |
| Barracks | 1 | |
| Farm | 8 | |
| Arcane Vault | 3 | |
| Town Hall | 2 | |
| Scout Tower | 36 | |
| Keep | 2 | |
| Arcane Tower | 7 | |
| Lumber Mill | 1 | |
| Guard Tower | 76 | |
| Castle | 4 | |
| Gryphon Aviary | 2 | |
| Blacksmith | 1 | |
| Watch Tower | 1 | |
145 total
» build order
00:56 Altar of Kings
00:57 Barracks
00:58 Farm
01:02 Farm
01:06 Farm
01:09 Farm
01:45 Farm
02:33 Arcane Vault
02:44 Arcane Vault
04:10 Town Hall
04:12 Scout Tower
04:37 Keep
04:37 Keep
04:49 Arcane Tower
04:50 Arcane Tower
05:26 Scout Tower
05:31 Lumber Mill
05:38 Scout Tower
05:41 Scout Tower
06:13 Arcane Tower
06:14 Arcane Tower
06:14 Arcane Tower
06:14 Arcane Tower
06:33 Farm
06:45 Farm
06:53 Scout Tower
07:05 Guard Tower
07:35 Guard Tower
07:35 Guard Tower
07:37 Castle
07:37 Castle
07:37 Castle
09:05 Gryphon Aviary
09:07 Gryphon Aviary
09:35 Blacksmith
09:46 Farm
10:38 Scout Tower
11:20 Arcane Vault
11:24 Scout Tower
11:26 Guard Tower
11:27 Scout Tower
11:28 Scout Tower
11:36 Scout Tower
11:36 Scout Tower
11:44 Scout Tower
11:46 Scout Tower
11:48 Scout Tower
12:01 Guard Tower
12:02 Guard Tower
12:02 Guard Tower
12:02 Guard Tower
12:45 Guard Tower
12:45 Guard Tower
12:45 Guard Tower
12:47 Scout Tower
12:47 Scout Tower
14:20 Scout Tower
14:22 Scout Tower
15:02 Guard Tower
15:03 Guard Tower
15:03 Guard Tower
15:07 Guard Tower
20:25 Scout Tower
20:26 Scout Tower
20:28 Scout Tower
20:31 Scout Tower
22:17 Guard Tower
22:17 Guard Tower
22:18 Guard Tower
22:37 Watch Tower
23:54 Town Hall
23:57 Scout Tower
23:57 Scout Tower
23:59 Scout Tower
24:00 Scout Tower
24:24 Guard Tower
24:25 Guard Tower
24:26 Scout Tower
24:27 Scout Tower
24:29 Guard Tower
24:33 Scout Tower
24:34 Scout Tower
24:35 Scout Tower
24:35 Scout Tower
24:36 Scout Tower
24:36 Scout Tower
24:36 Scout Tower
24:56 Guard Tower
24:56 Guard Tower
24:56 Guard Tower
24:57 Guard Tower
25:09 Guard Tower
25:09 Guard Tower
25:10 Guard Tower
25:23 Guard Tower
25:23 Guard Tower
25:23 Guard Tower
25:24 Guard Tower
25:24 Guard Tower
25:24 Guard Tower
25:25 Guard Tower
25:35 Guard Tower
25:36 Guard Tower
25:36 Guard Tower
26:42 Guard Tower
26:42 Guard Tower
26:42 Guard Tower
36:00 Guard Tower
36:01 Guard Tower
36:01 Guard Tower
36:01 Guard Tower
36:01 Guard Tower
36:02 Guard Tower
36:02 Guard Tower
36:05 Guard Tower
36:05 Guard Tower
36:05 Guard Tower
» items
| Mechanical Critter | 3 | |
| Scroll of Regeneration | 9 | |
| Periapt of Vitality | 1 | |
| Dust of Appearance | 2 | |
| Scroll of Town Portal | 7 | |
| Scroll of Protection | 1 | |
| Staff of Sanctuary | 2 | |
| Ivory Tower | 6 | |
| Tome of Retraining | 1 | |
| Boots of Speed | 1 | |
33 total
team 2 (loser)
Charliesheen (
teal | 47 APM | 1183 actions | 25:12)
5 Tauren Chieftain
3 Endurance Aura
2 War Stomp
2 Shadow Hunter
1 Healing Wave
1 Hex
2 Blademaster
1 Wind Walk
1 Critical Strike
» actions
| Basic commands | 70 | |
| Build / train | 68 | |
| Enter build submenu | 27 | |
| Enter hero's abilities submenu | 9 | |
| Give item / drop item | 1 | |
| Right click | 507 | |
| Select / deselect | 416 | |
| Use ability | 85 | |
1183 total
» units
| Peon | 19 | |
| Grunt | 5 | |
| Furbolg Shaman | 1 | |
| Satyr Shadowdancer | 1 | |
| Troll Batrider | 12 | |
| Raider | 1 | |
| Troll Witch Doctor | 1 | |
40 total
» upgrades
| Armor | 3 | |
| Melee Weapons | 1 | |
| Spiked Barricades | 1 | |
| Witch Doctor Training | 2 | |
| Reinforced Defenses | 1 | |
| Pillage | 1 | |
9 total
» buildings
| Altar of Storms | 1 | |
| Orc Burrow | 10 | |
| Barracks | 1 | |
| War Mill | 2 | |
| Voodoo Lounge | 1 | |
| Watch Tower | 7 | |
| Stronghold | 1 | |
| Great Hall | 1 | |
| Beastiary | 3 | |
| Fortress | 1 | |
| Spirit Lodge | 1 | |
29 total
» build order
00:21 Altar of Storms
00:36 Orc Burrow
00:58 Barracks
01:23 War Mill
02:08 Orc Burrow
02:19 Voodoo Lounge
02:48 Watch Tower
04:54 Watch Tower
05:01 Orc Burrow
05:19 Watch Tower
06:29 Stronghold
08:02 Orc Burrow
08:27 Great Hall
09:23 Beastiary
09:38 Beastiary
10:36 Watch Tower
11:43 Fortress
12:17 Spirit Lodge
14:16 War Mill
15:03 Orc Burrow
15:18 Beastiary
16:38 Orc Burrow
17:01 Orc Burrow
18:21 Orc Burrow
20:52 Orc Burrow
21:13 Watch Tower
22:41 Watch Tower
22:42 Watch Tower
23:03 Orc Burrow
» items
| Healing Salve | 1 | |
| Boots of Speed | 1 | |
| Staff of Teleportation | 1 | |
| Scroll of Town Portal | 2 | |
5 total

»
pz.timbo (
pink | 55 APM | 3569 actions | 64:26)
5 Blademaster
3 Wind Walk
1 Critical Strike
1 Bladestorm
1 Tauren Chieftain
1 War Stomp
» actions
| Assign group hotkey | 19 | |
| Basic commands | 127 | |
| Build / train | 62 | |
| Enter build submenu | 28 | |
| Enter hero's abilities submenu | 7 | |
| Right click | 1839 | |
| Select / deselect | 463 | |
| Select group hotkey | 801 | |
| Use ability | 223 | |
3569 total
» units
| Peon | 12 | |
| Wind Rider | 6 | |
| Troll Batrider | 21 | |
39 total
» upgrades
| Ranged Weapons | 2 | |
| Liquid Fire | 1 | |
| Reinforced Defenses | 1 | |
4 total
» buildings
| Altar of Storms | 1 | |
| Orc Burrow | 10 | |
| Voodoo Lounge | 1 | |
| War Mill | 1 | |
| Watch Tower | 7 | |
| Stronghold | 1 | |
| Beastiary | 3 | |
| Fortress | 1 | |
| Great Hall | 1 | |
26 total
» build order
00:19 Altar of Storms
00:25 Orc Burrow
01:12 Voodoo Lounge
01:35 War Mill
01:52 Orc Burrow
02:02 Orc Burrow
02:54 Watch Tower
03:18 Stronghold
03:43 Watch Tower
04:25 Watch Tower
05:30 Orc Burrow
05:44 Beastiary
05:49 Beastiary
05:55 Beastiary
06:40 Orc Burrow
08:24 Orc Burrow
09:25 Orc Burrow
15:13 Fortress
21:57 Orc Burrow
22:02 Orc Burrow
22:26 Orc Burrow
24:17 Great Hall
25:09 Watch Tower
25:12 Watch Tower
25:15 Watch Tower
25:19 Watch Tower
» items
| Lesser Clarity Potion | 3 | |
| Healing Salve | 2 | |
| Scroll of Speed | 1 | |
| Scroll of Town Portal | 2 | |
| Potion of Healing | 1 | |
9 total
EatBoogers (
orange | 46 APM | 2988 actions | 64:26)
10 Blademaster
3 Wind Walk
3 Critical Strike
1 Bladestorm
3 Mirror Image
4 Tauren Chieftain
1 Reincarnation
1 Shockwave
2 Endurance Aura
» actions
| Assign group hotkey | 233 | |
| Basic commands | 125 | |
| Build / train | 137 | |
| Enter build submenu | 35 | |
| Enter hero's abilities submenu | 14 | |
| Give item / drop item | 18 | |
| Remove unit from queue | 3 | |
| Right click | 1365 | |
| Select / deselect | 545 | |
| Select group hotkey | 276 | |
| Use ability | 237 | |
2988 total
» units
| Peon | 9 | |
| Grunt | 5 | |
| Wind Rider | 12 | |
| Goblin Shredder | 1 | |
| Goblin Zeppelin | 2 | |
| Green Dragon | 4 | |
| Goblin Sapper | 8 | |
| Troll Batrider | 2 | |
43 total
» upgrades
| Ranged Weapons | 3 | |
| Armor | 3 | |
| Ensnare | 1 | |
| Pillage | 1 | |
| Reinforced Defenses | 1 | |
| Envenomed Spears | 1 | |
10 total
» buildings
| Orc Burrow | 4 | |
| Altar of Storms | 2 | |
| Barracks | 2 | |
| Voodoo Lounge | 2 | |
| Stronghold | 1 | |
| War Mill | 1 | |
| Beastiary | 6 | |
| Great Hall | 3 | |
| Watch Tower | 15 | |
| Fortress | 1 | |
37 total
» build order
00:48 Orc Burrow
01:58 Orc Burrow
01:59 Altar of Storms
02:00 Barracks
02:02 Barracks
02:06 Altar of Storms
03:11 Voodoo Lounge
03:35 Stronghold
04:36 Voodoo Lounge
05:45 War Mill
05:47 Orc Burrow
08:20 Beastiary
08:21 Beastiary
08:23 Beastiary
08:25 Beastiary
08:29 Orc Burrow
09:07 Great Hall
09:19 Watch Tower
09:19 Watch Tower
10:27 Great Hall
10:29 Watch Tower
11:53 Watch Tower
11:58 Watch Tower
11:59 Watch Tower
11:59 Watch Tower
14:52 Fortress
14:57 Watch Tower
14:58 Watch Tower
14:58 Watch Tower
14:59 Watch Tower
14:59 Watch Tower
15:00 Watch Tower
15:01 Watch Tower
15:02 Watch Tower
30:38 Beastiary
30:38 Beastiary
52:31 Great Hall
» items
| Healing Salve | 14 | |
| Orb of Lightning | 2 | |
| Periapt of Vitality | 1 | |
| Potion of Healing | 10 | |
| Potion of Mana | 6 | |
| Lesser Clarity Potion | 8 | |
| Scroll of Town Portal | 12 | |
| Boots of Speed | 1 | |
| Tome of Retraining | 1 | |
| Staff of Teleportation | 1 | |
56 total

»
No-More-Pity (
blue | 20 APM | 660 actions | 33:09)
4 Crypt Lord
2 Carrion Beetles
1 Spiked Carapace
1 Impale
1 Dreadlord
1 Sleep
» actions
| Assign group hotkey | 27 | |
| Basic commands | 30 | |
| Build / train | 72 | |
| Enter build submenu | 17 | |
| Enter hero's abilities submenu | 5 | |
| Give item / drop item | 1 | |
| Right click | 265 | |
| Select / deselect | 167 | |
| Select group hotkey | 44 | |
| Use ability | 32 | |
660 total
» units
| Acolyte | 14 | |
| Ghoul | 4 | |
| Crypt Fiend | 9 | |
| Gargoyle | 3 | |
30 total
» upgrades
| Creature Attack | 3 | |
| Creature Carapace | 3 | |
| Web | 1 | |
| Burrow | 1 | |
| Unholy Strength | 2 | |
| Unholy Armor | 1 | |
11 total
» buildings
| Ziggurat | 7 | |
| Altar of Darkness | 1 | |
| Crypt | 2 | |
| Graveyard | 1 | |
| Nerubian Tower | 1 | |
| Tomb of Relics | 1 | |
| Halls of the Dead | 1 | |
| Necropolis | 1 | |
| Black Citadel | 1 | |
| Spirit Tower | 5 | |
21 total
» build order
00:07 Ziggurat
00:18 Altar of Darkness
00:26 Crypt
01:17 Graveyard
02:42 Nerubian Tower
02:53 Ziggurat
04:49 Tomb of Relics
05:04 Ziggurat
05:19 Halls of the Dead
05:31 Ziggurat
07:19 Ziggurat
08:07 Necropolis
14:40 Black Citadel
14:50 Ziggurat
15:19 Crypt
15:28 Spirit Tower
15:38 Spirit Tower
16:13 Spirit Tower
17:56 Spirit Tower
21:33 Spirit Tower
22:30 Ziggurat
» items
| Rod of Necromancy | 2 | |
| Sacrificial Skull | 2 | |
| Dust of Appearance | 1 | |
| Potion of Healing | 3 | |
| Potion of Mana | 3 | |
| Scroll of Town Portal | 3 | |
| Orb of Corruption | 2 | |
16 total
Chat log
(03:56 / All) EatBoogers: yellow for sure mh
(04:15 / Allies) ownedyou: how moron
(04:32 / All) ownedyou: oj sucks dick for sure
(05:35 / All) EatBoogers: faggot
(05:48 / All) ownedyou: oj wants a cock in his ass
(06:39 / All) tothebeatyall: ok
(06:42 / All) tothebeatyall: we can start now
(06:52 / All) tothebeatyall: this map is so shitty I always leave it
(06:56 / All) tothebeatyall: not enough lumber they say
(07:20 / Allies) MALLOFBRINKX: want me to tower it?
(07:22 / Allies) MALLOFBRINKX: ur base purp?
(08:35 / Allies) ownedyou: lets hit oj
(08:40 / Allies) MALLOFBRINKX: cc
(08:50 / Allies) jrqu24824892u89: hit mid right
(08:54 / Allies) jrqu24824892u89: check expos
(09:05 / All) MALLOFBRINKX: onward to namek
(11:40 / Allies) jrqu24824892u89: nice green
(11:48 / Allies) jrqu24824892u89: pro
(12:26 / Allies) ownedyou: tp to purple
(12:46 / Allies) ownedyou: tp
(12:47 / Allies) ownedyou: tp
(12:47 / Allies) ownedyou: to
(13:15 / All) Charliesheen: out
(13:45 / Allies) ownedyou: get him
(13:47 / Allies) ownedyou: him
(13:49 / Allies) ownedyou: green
(13:53 / Allies) ownedyou: get his ari
(14:01 / Allies) MALLOFBRINKX: k
(14:03 / Allies) MALLOFBRINKX: where?
(16:35 / All) Charliesheen: jesus hack lag
(20:18 / All) EatBoogers: lucky
(20:23 / All) ownedyou: lucky u suck dick
(20:39 / All) EatBoogers: we'll see
(20:52 / All) pz.timbo: just attack and win
(21:00 / All) MALLOFBRINKX: lol
(21:01 / Allies) ownedyou: meet
(21:05 / All) MALLOFBRINKX: pink u post on wcreplays.com?
(21:17 / All) pz.timbo: prolly like 4 years ago
(21:24 / All) pz.timbo: do i have something there?
(21:32 / All) MALLOFBRINKX: no
(21:39 / All) pz.timbo: oh
(21:41 / All) pz.timbo: lol
(22:36 / Allies) ownedyou: move guys green
(23:06 / Allies) jrqu24824892u89: gonna try to expo top mid
(23:10 / Allies) jrqu24824892u89: and leapfrog to it with towers
(23:12 / Allies) ownedyou: tower
(23:18 / Allies) jrqu24824892u89: k
(24:31 / Allies) ownedyou: tp
(25:17 / All) MALLOFBRINKX: lawl
(25:40 / Allies) jrqu24824892u89: omw
(26:06 / All) EatBoogers: unrespsonive ever thang
(26:14 / Allies) ownedyou: gold me
(26:45 / Allies) ownedyou: thanks
(26:49 / Allies) jrqu24824892u89: np
(27:31 / All) MALLOFBRINKX: ur team should be winning pink.......
(27:39 / All) pz.timbo: lol duh
(27:40 / All) EatBoogers: wtf is up with ym hero
(28:07 / All) pz.timbo: orange just sitting
(28:12 / All) pz.timbo: all solo play
(28:22 / All) pz.timbo: just pick us off 1 by 1
(28:33 / Allies) ownedyou: gold pleadse
(28:38 / Allies) ownedyou: gimme gold
(28:39 / Allies) ownedyou: alot
(28:46 / All) pz.timbo: he has 6k gold and wont even give me any to start a base lol
(29:39 / All) pz.timbo: 5k gold with that 30 food
(29:40 / All) pz.timbo: rofl
(30:07 / All) MALLOFBRINKX: oj is godly with bm tho
(30:08 / Allies) ownedyou: gold me
(30:13 / All) pz.timbo: lul
(30:13 / All) ownedyou: oj is bad
(30:14 / All) ownedyou: lmao
(30:32 / All) MALLOFBRINKX: is blue afk or something
(30:38 / All) pz.timbo: naw he left
(30:45 / All) pz.timbo: he was qqing the whole game
(30:50 / All) jrqu24824892u89: no blue is here
(30:52 / All) jrqu24824892u89: check f11
(30:53 / All) pz.timbo: mostly about orange being an autistic
(31:04 / All) jrqu24824892u89: why is orange an autistic?
(31:16 / Allies) ownedyou: gold me red
(31:18 / Allies) ownedyou: 2k
(31:22 / All) pz.timbo: this would have been a pretty ez win with any gold sent to me. My guess is orange is an autist or a troll
(31:29 / All) ownedyou: oj is mad that he sucks dick
(31:43 / All) pz.timbo: what's wrong with sucking dick?
(31:53 / All) ownedyou: pink is fag rd y we no
(32:00 / All) jrqu24824892u89: yellow can you clarify something for me
(32:05 / Allies) ownedyou: kill em
(32:08 / All) jrqu24824892u89: you say 2k gold, what is it mean? 2 karat?
(32:14 / All) jrqu24824892u89: sorry english not my 1st language
(32:14 / All) ownedyou: ya
(32:19 / All) ownedyou: gimme 2000 gold
(32:25 / All) pz.timbo: lol
(32:31 / All) MALLOFBRINKX: wierd ass game
(32:36 / All) MALLOFBRINKX: our team has been dicking around too
(32:39 / All) No-More-Pity: trash ass dogshit team
(32:46 / All) MALLOFBRINKX: lol
(33:02 / All) pz.timbo: says blue that doesn't tp to his own expo
(33:22 / All) MALLOFBRINKX: would u attack me if i attack ur burrow pink?
(33:35 / All) pz.timbo: nope
(33:36 / All) pz.timbo: go for it
(33:39 / All) MALLOFBRINKX: ty
(33:42 / All) pz.timbo: im to lazy to click off my towers doe
(34:07 / All) MALLOFBRINKX: just want level 6
(34:09 / All) MALLOFBRINKX: for phoenix
(34:26 / All) MALLOFBRINKX: dont blue have hsit
(35:12 / All) MALLOFBRINKX: u can "M" on my hero
(35:24 / All) MALLOFBRINKX: thx,
(36:34 / All) MALLOFBRINKX: woo hoo
(36:46 / All) MALLOFBRINKX: lawl
(37:12 / Allies) ownedyou: red is a beast
(39:51 / Allies) ownedyou: lol green
(40:02 / All) MALLOFBRINKX: yellow is laughing at me
(40:10 / All) jrqu24824892u89: that is an insult to your honour
(40:12 / All) ownedyou: creeps are attacking him
(40:25 / All) jrqu24824892u89: timber wolves harassing peasants
(40:30 / All) jrqu24824892u89: proof of this games' historical authenticity
(40:39 / All) MALLOFBRINKX: pz timbo #1
(41:22 / Allies) MALLOFBRINKX: attack orange
(41:24 / Allies) MALLOFBRINKX: screw teal
(42:31 / All) ownedyou: oj is trying to suck my dick
(42:33 / All) ownedyou: lmao
(42:37 / All) ownedyou: he wants it hard
(42:49 / All) ownedyou: he just swallowd my dick
(42:52 / All) EatBoogers: lawl
(42:53 / All) EatBoogers: mad?
(42:55 / All) ownedyou: felt so good
(42:58 / All) EatBoogers: raped faggot
(43:03 / All) ownedyou: u suck a mean dick oj
(43:15 / All) EatBoogers: You got raped
(43:16 / All) EatBoogers: hush
(43:23 / All) ownedyou: u raped my cock
(43:31 / All) ownedyou: in your month
(43:32 / All) EatBoogers: Nah my cock raped your virgin asshole
(43:34 / All) ownedyou: hmmm
(43:39 / All) ownedyou: u must love cum
(44:00 / All) EatBoogers: Now I come to finish the job
(44:24 / All) ownedyou: oj my cock is done i cant cum any moire
(44:29 / All) ownedyou: u got it all
(44:34 / All) ownedyou: in youre mouth
(44:37 / All) ownedyou: lmao!!!!
(44:55 / All) EatBoogers: your brain is malfunctioning, PTSD from teh rape
(44:58 / All) ownedyou: oj u mad?
(45:04 / All) EatBoogers: why would I be?
(45:05 / All) ownedyou: oj must be a virgin
(45:06 / All) ownedyou: lmao
(45:09 / All) ownedyou: poor virgin
(45:12 / All) EatBoogers: I'm raping your base like I raped your virgin asshole
(45:17 / All) MALLOFBRINKX: lots of shit talking in this game
(45:20 / All) ownedyou: u must try pussy and quit sucking fat cock
(45:21 / All) ownedyou: lmao
(45:25 / All) EatBoogers: I was afk most ofi t
(45:28 / All) pz.timbo: all awesome 16 year old shit talking
(45:36 / All) pz.timbo: I RAPED YOU
(45:39 / All) pz.timbo: NO I RAPED YOU
(45:41 / All) pz.timbo: GUESS WHAT?
(45:42 / All) EatBoogers: didn't even know I had that wyv there
(45:48 / All) ownedyou: pink are u bypolr
(45:52 / All) pz.timbo: THAT STILL MAKES YOU GAY
(45:54 / All) EatBoogers: lol
(46:00 / All) EatBoogers: he's tossing out random insults
(46:05 / All) ownedyou: pink must be the biggest low life here beside oj...
(46:07 / All) MALLOFBRINKX: how old do u think these 2 are, pink?
(46:20 / All) pz.timbo: 19
(46:27 / All) pz.timbo: i'd guess
(46:33 / All) ownedyou: im 12 and i got the biggest dick here
(46:35 / All) ownedyou: ask oj
(46:39 / All) ownedyou: LMAO
(46:59 / All) jrqu24824892u89: Are you really 12?
(47:02 / All) jrqu24824892u89: yellow?
(47:12 / All) pz.timbo: is red being sarcastic?
(47:16 / All) EatBoogers: I'm 12 years old and waht is this
(47:17 / All) ownedyou: yeah i got the bigggest dick for 12
(47:18 / All) ownedyou: im 12
(47:25 / All) pz.timbo: yellow is 20
(47:26 / All) jrqu24824892u89: how did you find out about this game dude?
(47:29 / All) ownedyou: thats why oj wants my cock its fresh
(47:35 / All) jrqu24824892u89: you were born in like 2003?
(47:42 / All) jrqu24824892u89: this game is older than you
(47:43 / All) pz.timbo: yellow is 20
(47:45 / All) MALLOFBRINKX: sometimes i wish blizzard would "chaperone" some 4v4rt games. wonder what they would say about some games like this
(47:47 / All) ownedyou: know that
(47:48 / All) pz.timbo: i just found his facebook profile
(48:00 / All) ownedyou: oj found my cock long time ago
(48:17 / All) ownedyou: he new is was gonna be in his mouth 24/7
(48:30 / All) ownedyou: so oj wanted my cock allalong
(48:34 / All) ownedyou: he new...
(48:43 / All) ownedyou: monster cock
(48:57 / Allies) jrqu24824892u89: he's on you
(48:58 / All) pz.timbo: u guys sure do talk about cock a lot
(49:06 / All) ownedyou: well pink loves my dick to
(49:11 / Allies) jrqu24824892u89: control my shit if you want
(49:11 / All) ownedyou: but oj sucks it way better
(49:16 / Allies) jrqu24824892u89: I'll respec blizz
(49:17 / All) ownedyou: so i have to go with OJ
(49:18 / Allies) jrqu24824892u89: for better aoe
(49:50 / All) ownedyou: if u want a really good bj ask oj hes down
(49:51 / Allies) jrqu24824892u89: level 3 flame stike, level 3 blizzard
(49:51 / Allies) jrqu24824892u89: pro
(49:58 / All) pz.timbo: dude
(50:05 / All) pz.timbo: you really are focusing a lot of the bj's
(50:07 / All) pz.timbo: and cocks
(50:12 / All) ownedyou: pink wanna gimme bj?
(50:13 / All) pz.timbo: there isn't anything wrong with being gay
(50:15 / All) ownedyou: oh wait
(50:18 / All) pz.timbo: naw I am alright
(50:20 / All) ownedyou: oj better then u
(50:28 / All) EatBoogers: 420 blaze it
(50:33 / All) pz.timbo: truth
(50:37 / All) ownedyou: i purple buds
(50:45 / All) jrqu24824892u89: go to cock.li and register a 420blaze.it email address today
(50:46 / All) ownedyou: unlike u poor newbies
(50:48 / All) pz.timbo: says the kids that have smoked 3 times in their life
(50:59 / All) ownedyou: pink youre a low life pot head
(51:02 / All) pz.timbo: those 2 times you smoked a blunt
(51:07 / All) ownedyou: drug head
(51:08 / All) pz.timbo: and u got sooooo high
(51:14 / All) ownedyou: go o d
(51:15 / All) pz.timbo: and now you have a pot t-shirt
(51:18 / All) pz.timbo: hahaha
(51:18 / All) ownedyou: good go od
(51:31 / All) MALLOFBRINKX: im probably the only person here that has never broken the law once. only stole once from dentist office
(51:37 / All) ownedyou: i have 315 pounds
(51:39 / All) MALLOFBRINKX: when ur a kid u got to choose one toy
(51:40 / All) ownedyou: of purple
(51:42 / All) ownedyou: u jelly?
(51:43 / All) pz.timbo: what did u steal?
(51:43 / All) MALLOFBRINKX: i chose too many
(51:46 / All) EatBoogers: thief
(51:51 / All) EatBoogers: once a thief always a thief
(51:55 / All) ownedyou: i go to cal
(51:59 / All) ownedyou: and get 315 pounds
(52:02 / All) MALLOFBRINKX: those boxes full of toys for the kids. i took like 5 useless baseball cards or some shit
(52:09 / All) ownedyou: but u poor low lifes get like a gram i bet
(52:17 / All) ownedyou: LOL
(52:23 / All) pz.timbo: me?
(52:27 / All) pz.timbo: are u still talking
(52:31 / All) ownedyou: pink u work at MCd
(52:40 / All) ownedyou: HAHAHAHAHA
(52:49 / All) pz.timbo: lol
(53:22 / All) jrqu24824892u89: owned
(53:30 / All) MALLOFBRINKX: that was yellows last "insult"
(53:34 / All) MALLOFBRINKX: u work at mcdonalds
(53:38 / All) pz.timbo: it cut deep
(53:40 / All) EatBoogers: lawl
(53:50 / All) pz.timbo: his insult could have been that I am old as fuck
(53:52 / All) EatBoogers: he was just throwing everything but the kitchen sink
(53:55 / All) EatBoogers: hoping something stuck
(54:03 / All) pz.timbo: but he didnt go there
(54:14 / All) pz.timbo: he tried the opposite. Poor form by him
(54:56 / All) MALLOFBRINKX: should we just give pink the win i like him more than yellow
(55:08 / All) pz.timbo: no dont give it to me
(55:11 / All) pz.timbo: orange is a faggot
(55:17 / All) MALLOFBRINKX: lawl
(55:42 / All) MALLOFBRINKX: cuz he wouldnt give any gold or something he said?
(55:53 / All) pz.timbo: no i dont care about that
(56:09 / All) pz.timbo: i just don't like the way he plays on top of that
(56:53 / All) pz.timbo: where is everyone from?
(56:56 / All) jrqu24824892u89: do you like the way me and green play?
(57:08 / All) pz.timbo: ya red. I got a webcam set up in ur room
(57:14 / All) pz.timbo: i really like the way you play ;)
(57:22 / All) jrqu24824892u89: I'm from the united arab emirates
(57:26 / All) jrqu24824892u89: u?
(57:39 / All) pz.timbo: anyone from UAE wouldn't say United arab emerites
(57:56 / All) pz.timbo: unlessssss
(58:02 / All) jrqu24824892u89: u are right I said emirates
(58:08 / All) jrqu24824892u89: not emerites
(58:12 / All) MALLOFBRINKX: are u pz.tim or pz.jim
(58:24 / All) pz.timbo: tim
(58:29 / All) pz.timbo: jim is 2000x better
(58:38 / All) pz.timbo: red speak some arabic
(58:46 / All) MALLOFBRINKX: i saw a replay or the comments wehre u 2 beat clan love hackers a couple yrs ago
(58:47 / All) jrqu24824892u89: ALLAHU AKBAR!
(58:55 / All) pz.timbo: oh ya hahaha
(58:59 / All) pz.timbo: fuck those guys
(59:15 / All) pz.timbo: i play like maybe 1 game every few months. Had today off and jumped on
(59:16 / All) jrqu24824892u89: lashai jadeed ;)
(59:17 / All) jrqu24824892u89: lol
(59:18 / All) MALLOFBRINKX: we've really only ever tked akubo i dont think he plays anymore he has disc hack
(59:19 / All) pz.timbo: jim is still pretty solid
(60:10 / All) pz.timbo: i just accept that people hack
(60:20 / All) jrqu24824892u89: WHERE U FROM PINK
(60:23 / All) jrqu24824892u89: I TOLD YOU WHERE I FROM
(60:34 / All) pz.timbo: I fucked up one of jim's account that he was like 99.9% win
(60:45 / All) pz.timbo: red I am from UAE as well
(60:53 / All) jrqu24824892u89: airi fe sabahak
(60:54 / All) pz.timbo: I am in jail for getting caught making out on a beach
(61:04 / All) jrqu24824892u89: dubai?
(61:15 / All) pz.timbo: ya I lived on the USA island
(61:17 / All) jrqu24824892u89: zobree akbar minak
(61:22 / All) jrqu24824892u89: ahhlass
(61:27 / All) jrqu24824892u89: ya manacheh
(61:32 / All) pz.timbo: and then they found me cause I was smoking weed
(61:37 / All) jrqu24824892u89: gahba
(61:40 / All) pz.timbo: and buttfucking small elephants
(61:41 / All) jrqu24824892u89: shlicke
(61:47 / All) jrqu24824892u89: nikomak
(62:00 / All) jrqu24824892u89: kwanii
(62:11 / All) jrqu24824892u89: inta humar
(62:20 / All) pz.timbo: orange is almost done killing himself
(62:21 / All) pz.timbo: gg
(62:39 / All) jrqu24824892u89: where u from faggot u aren't an arab too we dont weed in uae
(62:53 / All) jrqu24824892u89: orange is from arabia too i think he is self destructing
(62:56 / All) pz.timbo: I smoke weed every day in Duabai
(63:04 / All) pz.timbo: while i draw mOOOOhammad
(63:18 / All) pz.timbo: and spit on the Koran
(63:18 / All) jrqu24824892u89: rouh ya ayr
(63:22 / All) jrqu24824892u89: maniak
(64:00 / All) pz.timbo: do u really wanna know where I am from?
(64:01 / All) jrqu24824892u89: YOU LOSE
(64:03 / All) jrqu24824892u89: YES
(64:09 / All) pz.timbo: why do you care so much?
(64:09 / All) jrqu24824892u89: LOSER TELL ME
(64:14 / All) jrqu24824892u89: LOSER TELLS
(64:23 / All) jrqu24824892u89: TELL ME U ZUBRAK
(64:25 / All) pz.timbo: naw I guess you'll have to wait